 Dungeon Crawl Stone Soup version 0.21-a0-279-g6037ffb (webtiles) character file.

65321 dricus the Warrior (level 15, -7/130 HPs)
             Began as a Formicid Fighter on Sept 23, 2017.
             Was the Champion of Makhleb.
             Mangled by Agnes
             ... wielding a +0 lajatang of venom
              (26 damage)
             ... on level 15 of the Dungeon.
             The game lasted 00:43:01 (22685 turns).

dricus the Warrior (Formicid Fighter)              Turns: 22685, Time: 00:43:01

Health: -7/130     AC: 21    Str: 31    XL:     15   Next: 57%
Magic:  24/24      EV: 12    Int:  8    God:    Makhleb [******]
Gold:   1469       SH: 12    Dex: 11    Spells: 14/14 levels left

rFire    + . .     SeeInvis +   a - +2 great mace (holy)
rCold    + . .     Gourm    +   c - +0 shield
rNeg     . . .     Faith    .   F - +3 chain mail {rF+}
rPois    .         Spirit   .   (helmet unavailable)
rElec    .         Reflect  .   v - +2 cloak
rCorr    .         Harm     .   (no gloves)
MR       +....                  n - +2 pair of boots
Stlth    ..........             p - amulet of the gourmand
HPRegen  0.31/turn              l - ring of protection from cold
MPRegen  0.19/turn              K - +2 ring of evasion

@: mighty, lethally poisoned (-7 -> -11)
A: permanent stasis, dig shafts and tunnels, four strong arms, antennae 3
a: Dig, Shaft Self, Minor Destruction, Lesser Servant of Makhleb, Major
Destruction, Greater Servant of Makhleb, Renounce Religion


You were on level 15 of the Dungeon.
You worshipped Makhleb.
Makhleb was exalted by your worship.
You were very full.

You visited 2 branches of the dungeon, and saw 21 of its levels.

You collected 1469 gold pieces.

Inventory:

Hand Weapons
 a - a +2 great mace of holy wrath (weapon)
 b - a +1 dire flail of venom
 s - a +1 great mace of holy wrath
Armour
 c - a +0 shield (worn)
 n - a +2 pair of boots (worn)
 v - a +2 cloak (worn)
 F - a +3 chain mail of fire resistance (worn)
 H - a +1 plate armour
Jewellery
 j - an uncursed ring of positive energy
 k - an uncursed ring of flight
 l - a ring of protection from cold (left hand)
 p - an amulet of the gourmand (around neck)
 K - a +2 ring of evasion (right hand)
Wands
 h - a wand of acid (15/15)
 x - a wand of acid (4/15)
 G - a wand of disintegration (9/24)
 J - a wand of paralysis (8/24)
Scrolls
 e - 2 scrolls of fog
 m - 16 scrolls of remove curse
 o - 4 scrolls of magic mapping
 u - 3 scrolls of fear
 y - 2 scrolls of amnesia
 E - 2 scrolls of recharging
 I - 2 scrolls of identify {@r9}
Potions
 g - 3 potions of flight
 q - 3 potions of agility
 r - a potion of cancellation
 t - a potion of brilliance
 w - 3 potions of lignification
 z - 4 potions of curing {@q9}
 A - 3 potions of resistance
 B - a potion of invisibility
 D - 3 potions of heal wounds
 O - a potion of magic {unknown}
Books
 L - a book of Callings

   Spells                             Type                      Level
   a - Summon Small Mammal            Summoning                    1
   b - Call Imp                       Summoning                    2
   c - Call Canine Familiar           Summoning                    3
   d - Summon Guardian Golem          Hexes/Summoning              3
   e - Summon Lightning Spire         Summoning/Air                4
   f - Summon Ice Beast               Ice/Summoning                4
 M - a book of Battle

   Spells                             Type                      Level
   a - Infusion                       Charms                       1
   b - Shroud of Golubria             Charms/Translocation         2
   c - Song of Slaying                Charms                       2
   d - Spectral Weapon                Hexes/Charms                 3
   e - Regeneration                   Charms/Necromancy            3
Comestibles
 f - 9 bread rations
 i - 33 fruits
 C - 17 meat rations
 R - 11 royal jellies


   Skills:
 + Level 15.9 Fighting
 * Level 15.0 Maces & Flails
 + Level 9.8 Armour
 - Level 2.5 Dodging
 - Level 9.0 Shields
 - Level 12.7 Invocations


You had 14 spell levels left.
You didn't know any spells.

Dungeon Overview and Level Annotations

Branches:
Dungeon (15/15)            Temple (0/1) D:6            Lair (6/6) D:11
 Shoals (0/4) Lair:2       Spider (0/4) Lair:2        Slime (0/5) Lair:6
    Orc (0/2) D:11         Vaults (0/5) D:13
 Depths: D:15

Altars:
Ashenzari
Dithmenos
Elyvilon
Makhleb
Okawaru
Qazlal
Ru
Sif Muna
Uskayaw
Wu Jian
Xom
Zin
Jiyva

Shops:
D:12 *

Annotations:
D:15 Agnes


Innate Abilities, Weirdness & Mutations

You cannot be hasted, slowed, berserked, paralysed or teleported.
You can dig through walls and to a lower floor.
Your four strong arms can wield two-handed weapons with a shield.
You have a pair of large antennae on your head. (SInv)


Message History

Agnes hits you but does no damage.
You are more poisoned.
You block Agnes's attack.
You closely miss Agnes.
Agnes is moderately wounded.
You feel sick. You block Agnes's attack.
You closely miss Agnes.
Agnes is moderately wounded.
You feel sick. You block Agnes's attack.
You completely miss Agnes.
Agnes is moderately wounded.
You feel sick. You block Agnes's attack. x2
You sock Agnes!
Agnes is moderately wounded.
You feel sick. You block Agnes's attack.
You bludgeon Agnes!!
Agnes is heavily wounded.
You feel sick. You block Agnes's attack.
Agnes hits you with a lajatang of venom!!
You die...

+.....<..
#.......#
#.......# .
#.......# ..
#.......# %..
#.......#......
#.......#......
#.....@.......
#.....i##....# #
##.###<# ..###.#
##.###)##......#
.........).......
.##.#####........
#.....###.#
#.#.......
............


You could see Agnes.

Vanquished Creatures
  Rupert (D:13)
  The ghost of stoop the Fighter, a journeyman NaBe of Trog (Lair:4)
  4 dire elephants
  Snorg (D:10)
  8 vault guards (D:13)
  3 hydras
  An anaconda (Lair:6)
  A death knight (D:14)
  2 centaur warriors
  5 two-headed ogres
  A queen ant (Lair:3)
  A tengu warrior (D:13)
  Urug (Lair:5)
  An unseen horror (D:14)
  A cyclops (D:14)
  2 ugly things
  A manticore (D:13)
  21 elephants
  A centaur zombie (D:14)
  7 spiny frogs
  3 black mambas
  2 merfolk sirens (Lair:2)
  A gargoyle (D:13)
  A rime drake (shapeshifter) (D:14)
  2 kobold demonologists (D:14)
  7 komodo dragons
  A tengu conjurer (D:13)
  A harpy zombie (D:14)
  3 meliai (D:15)
  4 trolls
  2 merfolk (Lair:2)
  A polar bear (Lair:5)
  6 blink frogs (Lair:5)
  Prince Ribbit (D:7)
  A hornet (D:9)
  9 slime creatures
  6 hippogriffs
  2 dream sheep (D:9)
  A redback (Lair:2)
  2 shadows
  Sigmund (D:6)
  A wraith (D:13)
  A spriggan (Lair:3)
  A vampire (D:14)
  50 yaks
  A basilisk (Lair:6)
  A hungry ghost (D:12)
  8 vampire mosquitoes
  3 wargs (D:11)
  5 soldier ants (Lair:3)
  5 porcupines
  7 water moccasins
  A hornet zombie (D:13)
  3 ice beasts
  5 sky beasts
  5 orc warriors
  A black bear (D:7)
  2 necrophages
  5 ogres
  2 phantoms
  2 eyes of draining
  10 centaurs
  3 wolves (Lair:3)
  14 crocodiles
  6 big kobolds
  9 bullfrogs
  3 scorpions
  A wyvern skeleton (D:12)
  5 killer bees (D:12)
  9 wights
  2 howler monkeys
  An electric eel (D:12)
  4 crimson imps
  3 centaur skeletons
  8 hounds
  A jelly (D:12)
  5 orc priests
  Crazy Yiuf (D:3)
  12 orc wizards
  A bullfrog skeleton (D:5)
  7 iguanas
  20 worker ants
  A hound zombie (D:8)
  A howler monkey zombie (D:9)
  A howler monkey skeleton (D:4)
  4 gnolls (D:4)
  9 adders
  4 shadow imps
  3 adder zombies
  An adder skeleton (D:6)
  2 worms
  A dart slug (D:4)
  4 leopard geckos
  58 orcs
  4 bats
  9 giant cockroaches
  7 goblins
  3 hobgoblins
  6 jackals
  2 quokkas (D:1)
  2 ball pythons
  A frilled lizard (D:1)
  16 kobolds
  A quokka skeleton (D:4)
  2 quokka zombies (D:5)
  9 rats
  6 plants
512 creatures vanquished.

Vanquished Creatures (collateral kills)
  An orc warrior (D:9)
  2 orc priests (D:9)
  An orc (D:9)
4 creatures vanquished.

Vanquished Creatures (others)
  2 orcs (D:8)
  2 bushes
  25 fungi
  17 plants
46 creatures vanquished.

Grand Total: 562 creatures vanquished

Notes
Turn   | Place    | Note
-------+----------+-------------------------------------------
     0 | D:1      | dricus the Formicid Fighter began the quest for the Orb.
     0 | D:1      | Reached XP level 1. HP: 18/18 MP: 1/1
   187 | D:1      | Reached XP level 2. HP: 24/24 MP: 2/2
   458 | D:1      | Reached XP level 3. HP: 29/29 MP: 3/3
   990 | D:2      | Found a burning altar of Makhleb.
  1003 | D:2      | Reached XP level 4. HP: 24/37 MP: 4/4
  1113 | D:2      | Became a worshipper of Makhleb the Destroyer
  1355 | D:2      | Found an ornate altar of the Wu Jian Council.
  1726 | D:3      | Reached XP level 5. HP: 39/42 MP: 5/5
  1884 | D:3      | Found a deep blue altar of Sif Muna.
  2011 | D:3      | Found a sacrificial altar of Ru.
  2104 | D:3      | Found a runed door.
  2149 | D:3      | Found a white marble altar of Elyvilon.
  2178 | D:3      | Reached * piety under Makhleb
  2494 | D:3      | Noticed Crazy Yiuf
  2499 | D:3      | Killed Crazy Yiuf
  2499 | D:3      | Reached skill level 5 in Shields
  2804 | D:4      | Reached XP level 6. HP: 48/48 MP: 6/6
  3596 | D:5      | Entered Level 5 of the Dungeon
  3602 | D:5      | Reached skill level 5 in Maces & Flails
  3604 | D:5      | Reached XP level 7. HP: 47/55 MP: 7/7
  3850 | D:5      | Found a shattered altar of Ashenzari.
  4151 | D:5      | Reached skill level 5 in Fighting
  4205 | D:5      | You fall through a shaft!
  4264 | D:6      | Reached XP level 8. HP: 62/62 MP: 8/8
  4542 | D:6      | Noticed Sigmund
  4544 | D:6      | Reached ** piety under Makhleb
  4559 | D:6      | Killed Sigmund
  4639 | D:6      | Found a staircase to the Ecumenical Temple.
  4996 | D:7      | Noticed Prince Ribbit
  5000 | D:7      | Killed Prince Ribbit
  5000 | D:7      | Reached XP level 9. HP: 69/71 MP: 9/9
  5163 | D:7      | Found an iron altar of Okawaru.
  6511 | D:7      | Reached *** piety under Makhleb
  6880 | D:8      | Found a glowing silver altar of Zin.
  6908 | D:8      | Found a hide-covered altar of Uskayaw.
  6957 | D:8      | Found a shimmering altar of Xom.
  7077 | D:8      | Reached XP level 10. HP: 79/79 MP: 10/10
  7202 | D:8      | Reached skill level 1 in Invocations
  7228 | D:9      | Found a stormy altar of Qazlal.
  7401 | D:9      | Reached skill level 10 in Maces & Flails
  7509 | D:9      | Noticed a three-headed hydra
  7515 | D:9      | Killed a three-headed hydra
  7842 | D:9      | Reached **** piety under Makhleb
  7842 | D:9      | Reached skill level 5 in Invocations
  7846 | D:9      | Reached XP level 11. HP: 87/87 MP: 14/14
  7948 | D:9      | Noticed a two-headed ogre
  7963 | D:9      | Killed a two-headed ogre
  8249 | D:10     | Entered Level 10 of the Dungeon
  8322 | D:10     | Noticed Snorg
  8355 | D:10     | Killed Snorg
  9355 | D:11     | Found a staircase to the Lair.
  9499 | D:11     | Noticed a cyan ugly thing
  9512 | D:11     | Killed a cyan ugly thing
 10058 | D:11     | Noticed a six-headed hydra
 10070 | D:11     | Killed a six-headed hydra
 10070 | D:11     | Reached skill level 10 in Fighting
 10205 | D:11     | Found a staircase to the Orcish Mines.
 10233 | D:11     | Reached XP level 12. HP: 76/97 MP: 17/17
 10547 | D:11     | Reached ***** piety under Makhleb
 10892 | D:12     | Noticed a two-headed ogre
 10933 | Lair:1   | Entered Level 1 of the Lair of Beasts
 11491 | Lair:2   | Noticed a six-headed hydra
 11504 | Lair:2   | Killed a six-headed hydra
 11787 | Lair:2   | Found a hole to the Spider Nest.
 12014 | Lair:2   | Found a staircase to the Shoals.
 12885 | Lair:3   | Reached XP level 13. HP: 103/106 MP: 20/20
 12911 | Lair:3   | Noticed a dire elephant
 12950 | Lair:3   | Killed a dire elephant
 12958 | Lair:3   | Reached skill level 10 in Invocations
 13191 | Lair:3   | Reached skill level 5 in Armour
 14180 | Lair:4   | Noticed stoop's ghost (journeyman NaBe)
 14234 | Lair:4   | Killed stoop's ghost
 15643 | Lair:5   | Noticed Urug
 15665 | Lair:5   | Killed Urug
 15950 | Lair:5   | Reached XP level 14. HP: 118/118 MP: 22/22
 16631 | Lair:6   | Entered Level 6 of the Lair of Beasts
 16657 | Lair:6   | Found a viscous altar of Jiyva.
 16663 | Lair:6   | Found a staircase to the Slime Pits.
 16904 | Lair:6   | Reached ****** piety under Makhleb
 17723 | Lair:6   | Noticed a dire elephant
 17738 | Lair:6   | Killed a dire elephant
 17901 | Lair:6   | Noticed a dire elephant
 17901 | Lair:6   | Noticed a dire elephant
 17917 | Lair:6   | Killed a dire elephant
 17924 | Lair:6   | Killed a dire elephant
 18038 | Lair:6   | Identified a scroll of acquirement
 18967 | D:12     | Found Wesikked's Changing Room.
 19204 | D:12     | Reached skill level 15 in Fighting
 19460 | D:13     | Reached skill level 1 in Dodging
 19478 | D:13     | Found a gate to the Vaults.
 19565 | D:13     | Reached XP level 15. HP: 47/129 MP: 24/24
 19957 | D:13     | Found a shadowy altar of Dithmenos.
 21051 | D:13     | Noticed Rupert
 21068 | D:13     | Killed Rupert
 22641 | D:15     | Entered Level 15 of the Dungeon
 22645 | D:15     | Reached skill level 15 in Maces & Flails
 22652 | D:15     | Noticed Agnes
 22685 | D:15     | Mangled by Agnes

Vault maps used:
D:1:      onia_arrival_larder
D:2:      lemuel_crystal_altar, minmay_misc_feat_chi, makhleb_heckhound_becter
D:3:      nicolae_overflow_crystal_walls, old_standard_altar,
          nicolae_ru_awakened_eye, uniq_crazy_yiuf_cottage
D:4:      first_bread
D:5:      ashenzari_altar_1
D:6:      minmay_temple_entry_mist, serial_glass, glass_columns_b,
          glass_columns_b, serial_bayou_lagoon_a, uniq_sigmund
D:7:      old_standard_altar, uniq_prince_ribbit1
D:8:      marbit_many_paths, minitemple, special_room
D:9:      grunt_qazlal_sundering, hangedman_ranch
D:10:     minmay_holes, uniq_snorg
D:11:     erik_lair_orcish_takeover, orc_0_dummy
D:12:     minivault_23, nicolae_transmutations_shop
D:13:     erik_vaults_2, basic_altar, uniq_rupert
D:14:     minivault_25
D:15:     hangedman_depths_entry_try_elsewhere_first, serial_shops, shop,
          minmay_door_square, lemuel_statue_altar, uniq_agnes
Lair:2:   elwin_shoals_entry_stream, spider_nest_entry_rubble,
          hibernation_bobbens
Lair:3:   mu_elephants_graveyard, wad_woods_antlair
Lair:4:   serial_forest, infiniplex_forest_end_2, infiniplex_forest_join,
          infiniplex_forest_join, infiniplex_forest_clump_tiny,
          infiniplex_forest_end_double, infiniplex_forest_end_2,
          infiniplex_forest_corner_1, infiniplex_forest_end_2
Lair:5:   uniq_urug
Lair:6:   due_jungle_book, slime_altar_1, lemuel_fruit_tree

Skill      XL: |  1  2  3  4  5  6  7  8  9 10 11 12 13 14 15 |
---------------+----------------------------------------------+-----
Shields        | 4 5 6 7 9 |  9.0
Maces & Flails | 3 4 5 6 7 9 11 12 14 15 | 15.0
Fighting       | 4 5 6 7 8 10 11 13 15 | 15.9
Invocations    | 5 7 9 11 12 | 12.7
Armour         | 6 8 9 |  9.8
Dodging        | 2 |  2.5

Action                   |  1- 3 |  4- 6 |  7- 9 | 10-12 | 13-15 || total
-------------------------+-------+-------+-------+-------+-------++-------
Melee: Flail             |   111 |    52 |       |       |       ||   163
       Dire flail        |       |    69 |   337 |   621 |   896 ||  1923
       Great mace        |       |       |       |       |   292 ||   292
Invok: Lesser Servant of |       |       |       |     2 |     1 ||     3
       Major Destruction |       |       |       |       |     1 ||     1
 Abil: Dig               |       |     2 |     1 |     2 |    11 ||    16
Evoke: Wand              |       |       |       |       |     2 ||     2
  Use: Scroll            |       |     5 |     1 |    13 |    17 ||    36
       Potion            |       |       |       |     1 |     8 ||     9
 Stab: Confused          |       |       |       |       |     2 ||     2
  Eat: Chunk             |       |     5 |    23 |    19 |    35 ||    82
       Bread ration      |       |     1 |       |       |       ||     1
Armor: Scale mail        |    54 |    32 |    15 |       |       ||   101
       Chain mail        |       |       |    83 |       |   110 ||   193
       Plate armour      |       |       |    34 |   189 |   211 ||   434
Dodge: Dodged            |    39 |    33 |    74 |    83 |   210 ||   439
Block: Shield            |    56 |    52 |   198 |   212 |   455 ||   973

Table legend:
 A = Spawn XP
 B = Non-spawn XP
 C = Spawn XP percentage of total XP
 D = Spawn monster count
 E = Non-spawn monster count
 F = Spawn count percentage of total count
 G = Total turns spent on level
                    A         B        C        D         E        F      G
               +---------+---------+-------+---------+---------+-------+---------
         Total |       0 |   93316 |   0.0 |       0 |     510 |   0.0 | 22685
               +---------+---------+-------+---------+---------+-------+---------
           D:1 |       0 |      47 |   0.0 |       0 |      23 |   0.0 |   960
           D:2 |       0 |      79 |   0.0 |       0 |      13 |   0.0 |   759
           D:3 |       0 |     119 |   0.0 |       0 |      13 |   0.0 |  1023
           D:4 |       0 |     238 |   0.0 |       0 |      12 |   0.0 |   854
           D:5 |       0 |     336 |   0.0 |       0 |      24 |   0.0 |   779
           D:6 |       0 |     905 |   0.0 |       0 |      18 |   0.0 |   581
           D:7 |       0 |    1644 |   0.0 |       0 |      33 |   0.0 |  1660
           D:8 |       0 |     759 |   0.0 |       0 |      28 |   0.0 |   602
           D:9 |       0 |    5298 |   0.0 |       0 |      35 |   0.0 |  1031
          D:10 |       0 |    1676 |   0.0 |       0 |      17 |   0.0 |   970
          D:11 |       0 |    6194 |   0.0 |       0 |      42 |   0.0 |  1969
          D:12 |       0 |    5144 |   0.0 |       0 |      32 |   0.0 |  1019
          D:13 |       0 |   18656 |   0.0 |       0 |      39 |   0.0 |  1710
          D:14 |       0 |    9886 |   0.0 |       0 |      42 |   0.0 |  1274
          D:15 |       0 |     893 |   0.0 |       0 |       4 |   0.0 |    44
        Lair:1 |       0 |    1246 |   0.0 |       0 |       6 |   0.0 |   427
        Lair:2 |       0 |    5229 |   0.0 |       0 |      16 |   0.0 |  1202
        Lair:3 |       0 |   13353 |   0.0 |       0 |      44 |   0.0 |  1607
        Lair:4 |       0 |    3352 |   0.0 |       0 |      14 |   0.0 |  1384
        Lair:5 |       0 |    7627 |   0.0 |       0 |      30 |   0.0 |  1172
        Lair:6 |       0 |   10635 |   0.0 |       0 |      25 |   0.0 |  1658
               +---------+---------+-------+---------+---------+-------+---------
